 Dungeon Crawl Stone Soup version 0.25.1-8-g42b30a86e7 (webtiles) character file.

Game seed: 18278618337967984269

5835 Gabide the Spear-Bearer (level 10, 0/61 HPs)
             Began as a Tengu Abyssal Knight on Dec 2, 2020.
             Was an Elder of Lugonu.
             Slain by a two-headed ogre
             ... wielding a cursed -3 giant club
              (16 damage)
             ... on level 11 of the Dungeon.
             The game lasted 00:26:01 (8825 turns).

Gabide the Spear-Bearer (Tengu Abyssal Knight)      Turns: 8825, Time: 00:26:02

Health: 0/61       AC: 11    Str: 19    XL:     10   Next: 80%
Magic:  11/12      EV: 19    Int: 13    God:    Lugonu [****..]
Gold:   597        SH:  0    Dex: 16    Spells: 9/9 levels left

rFire    . . .     SeeInvis .   E - +0 glaive
rCold    + . .     Gourm    .   (shield currently unavailable)
rNeg     . . .     Faith    .   s - +0 ring mail
rPois    .         Spirit   .   (helmet restricted)
rElec    .         Reflect  .   G - +0 cloak (curse)
rCorr    .         Harm     .   n - +2 pair of gloves
MR       .....                  (boots unavailable)
Stlth    +.........             g - amulet of regeneration
HPRegen  0.60/turn              l - +6 ring of strength (curse)
MPRegen  0.13/turn              v - ring of protection from cold

@: flying quickly and evasively, quick
A: beak, talons 3, able to fly
a: Stop Flying, Depart the Abyss, Bend Space, Banish, Corrupt, Renounce Religion


You were on level 11 of the Dungeon.
You worshipped Lugonu.
Lugonu was greatly pleased with you.
You were very hungry.

You visited 1 branch of the dungeon, and saw 11 of its levels.
You visited the Abyss 1 time.

You collected 597 gold pieces.

Inventory:

Hand Weapons
 a - a +1 spear
 m - a +0 vampiric spear
 A - a +0 halberd
 E - a +0 glaive (weapon)
 H - the +6 war axe "Orb Guardian's Peril" {vorpal, Int+3}
   (You found it on level 9 of the Dungeon)

   It inflicts extra damage upon your enemies.
   It affects your intelligence (+3).
Armour
 n - a +2 pair of gloves (worn)
 s - a +0 ring mail (worn)
 B - a scarf of invisibility
 G - a cursed +0 cloak (worn)
Jewellery
 b - a +6 ring of intelligence
 g - an amulet of regeneration (around neck)
 l - a cursed +6 ring of strength (left hand)
 u - an uncursed ring of wizardry
 v - a ring of protection from cold (right hand)
 C - an uncursed ring of poison resistance {unknown}
Wands
 i - a wand of flame (30)
 p - a wand of digging (11)
 q - a wand of polymorph (15)
 x - a wand of random effects (20)
Scrolls
 f - 2 scrolls of magic mapping
 o - a scroll of teleportation
 t - 4 scrolls of remove curse
 w - a scroll of fog
 y - 5 scrolls of amnesia
Potions
 d - 2 potions of invisibility
 e - 3 potions of heal wounds
 h - 4 potions of brilliance
 j - 2 potions of berserk rage {unknown}
 k - 3 potions of resistance
 z - a potion of might
 D - a potion of curing {unknown}
Comestibles
 c - 21 rations


   Skills:
 + Level 6.4 Fighting
 * Level 3.6(8.7) Axes
 - Level 12.1(12.3) Polearms
 + Level 6.3 Armour
 * Level 7.8 Dodging
 + Level 2.1 Invocations
 - Level 0.1 Evocations


You had 9 spell levels left.
You didn't know any spells.
Your spell library contained the following spells:

 Spells                   Type           Power        Failure   Level  Hunger
 Animate Skeleton         Necr           N/A          45%         1    ##.....
 Foxfire                  Conj/Fire      #...         45%         1    ##.....
 Magic Dart               Conj           #...         45%         1    ##.....
 Pain                     Necr           #...         45%         1    ##.....
 Shock                    Conj/Air       #...         45%         1    ##.....
 Sting                    Tmut/Pois      #...         45%         1    ##.....
 Blink                    Tloc           N/A          58%         2    ###....
 Call Imp                 Summ           #.......     58%         2    ###....
 Slow                     Hex            #.......     58%         2    ###....
 Swiftness                Chrm/Air       #.......     58%         2    ###....
 Conjure Flame            Conj/Fire      #.......     83%         3    ####...
 Inner Flame              Hex/Fire       #.......     83%         3    ####...
 Mephitic Cloud           Conj/Pois/Air  #.......     83%         3    ####...
 Static Discharge         Conj/Air       #.......     83%         3    ####...
 Stone Arrow              Conj/Erth      #.....       83%         3    ####...
 Vampiric Draining        Necr           #.........   83%         3    ####...
 Airstrike                Air            #.........   99%         4    #####..
 Animate Dead             Necr           N/A          99%         4    #####..
 Sticky Flame             Conj/Fire      #.......     99%         4    #####..
 Agony                    Necr           #.......     100%        5    ######.
 Alistair's Intoxication  Tmut/Pois      #.......     100%        5    ######.
 Fireball                 Conj/Fire      #.........   100%        5    ######.
 Lightning Bolt           Conj/Air       #.........   100%        5    ######.
 Yara's Violent Unravell  Hex/Tmut       #.........   100%        5    ######.
 Iron Shot                Conj/Erth      #.........   100%        6    #######


Dungeon Overview and Level Annotations

Branches:
Dungeon (11/15)            Temple (0/1) D:7             Orc (0/2) D:9
   Lair: D:8-11

Altars:
Ashenzari
Okawaru
Trog

Annotations:
D:10 3 runed translucent doors, exclusion: orange crystal statue


Innate Abilities, Weirdness & Mutations

You have a beak for a mouth.
You have claws for feet.
You can fly continuously.


Message History

Lugonu accepts your kill.
The two-headed ogre barely misses you. x2
You hit the two-headed ogre.
You peck the two-headed ogre, but do no damage.
The two-headed ogre is severely wounded.
The two-headed ogre hits you with a cursed -3 giant club!
The two-headed ogre hits you with a +0 giant club!
* * * LOW HITPOINT WARNING * * *
Space bends around you!
You blink.
A hound zombie comes into view.
E - a +0 glaive (weapon)
Attack whom?
Press: ? - help, Dir - move target cursor, f - two-headed ogre
Aim: a two-headed ogre, wielding a -3 giant club and a +0 giant club (severely wounded)
You reach to attack!
You slice the two-headed ogre!!
The two-headed ogre is almost dead.
The hound zombie barely misses you.
The two-headed ogre completely misses you.
The two-headed ogre hits you with a +0 giant club!
You die...

..#............#
#....%....>...##
#...........!..#
#......†.......#
#.....§........##
#.$....†........#
##............<.#
#.......O..(.....#
#.......@........#
#........Z........#
............∩.......#
.####...........###..#
#..........## #..#
##........## ...
#.......## #####..##


You could see a two-headed ogre and a hound zombie.

Vanquished Creatures
  2 two-headed ogres
  A troll (D:11)
  3 yaks (D:10)
  A wyvern (D:10)
  Menkaure (D:7)
  4 orc warriors
  2 sky beasts
  A black bear (D:10)
  An ice beast (D:11)
  3 phantoms
  A necrophage (D:10)
  4 ogres
  A big kobold (D:10)
  3 bullfrogs (D:7)
  4 scorpions
  4 wights (D:9)
  A howler monkey (D:5)
  5 crimson imps
  A jelly (D:10)
  10 hounds
  5 iguanas
  9 orc priests
  Crazy Yiuf (D:3)
  A bullfrog skeleton (D:5)
  7 orc wizards
  4 worker ants
  A hound skeleton (D:5)
  A worker ant zombie (D:7)
  13 adders
  A shadow imp (D:6)
  An ooze (D:3)
  4 worms
  A dart slug (D:2)
  2 leopard geckos
  42 orcs
  2 ball pythons (D:3)
  5 bats
  9 giant cockroaches
  10 goblins
  7 hobgoblins
  6 kobolds
  4 quokkas
  A ball python zombie (D:5)
  5 frilled lizards (D:1)
  A jackal skeleton (D:6)
  A leopard gecko skeleton (D:8)
  A quokka skeleton (D:5)
  4 rats
202 creatures vanquished.

Vanquished Creatures (others)
  3 toadstools (D:4)
3 creatures vanquished.

Grand Total: 205 creatures vanquished

Notes
Turn   | Place    | Note
-------+----------+-------------------------------------------
     0 | Abyss:1  | Gabide the Tengu Abyssal Knight began the quest for the
                  | Orb.
     0 | Abyss:1  | Reached XP level 1. HP: 14/14 MP: 3/3
    77 | Abyss:1  | Found a corrupted altar of Lugonu.
   101 | Abyss:1  | Noticed a worldbinder
   102 | D:1      | Escaped the Abyss
   193 | D:1      | Reached XP level 2. HP: 18/19 MP: 4/4
   220 | D:1      | Reached * piety under Lugonu
   641 | D:1      | Reached XP level 3. HP: 23/23 MP: 5/5
  1676 | D:3      | Reached skill level 3 in Polearms
  1676 | D:3      | Reached XP level 4. HP: 29/29 MP: 6/6
  1900 | D:3      | Gained mutation: You can fly continuously. [Tengu growth]
  1900 | D:3      | Reached XP level 5. HP: 33/33 MP: 7/7
  1904 | D:3      | Reached skill level 4 in Polearms
  1928 | D:3      | Reached ** piety under Lugonu
  1931 | D:3      | Reached XP level 6. HP: 6/38 MP: 8/8
  2216 | D:3      | Found a runed translucent door.
  2217 | D:3      | Noticed Crazy Yiuf
  2222 | D:3      | Killed Crazy Yiuf
  2222 | D:3      | Reached skill level 5 in Polearms
  2978 | D:4      | Reached XP level 7. HP: 28/43 MP: 9/9
  3271 | D:4      | Reached skill level 6 in Polearms
  3503 | D:5      | Entered Level 5 of the Dungeon
  4038 | D:5      | Reached skill level 7 in Polearms
  4107 | D:5      | Reached XP level 8. HP: 48/48 MP: 10/10
  4334 | D:6      | Reached *** piety under Lugonu
  4518 | D:6      | Reached skill level 8 in Polearms
  4604 | D:6      | Found a bloodstained altar of Trog.
  5193 | D:6      | Reached skill level 5 in Dodging
  5422 | D:7      | Reached skill level 5 in Fighting
  5435 | D:7      | Reached skill level 5 in Armour
  5475 | D:7      | Reached XP level 9. HP: 54/54 MP: 11/11
  5546 | D:7      | Reached skill level 9 in Polearms
  6047 | D:7      | Reached **** piety under Lugonu
  6099 | D:7      | Noticed Menkaure
  6102 | D:7      | Killed Menkaure
  6126 | D:7      | Found a staircase to the Ecumenical Temple.
  6129 | D:7      | You are sucked into a shaft and drop 3 floors!
  6129 | D:10     | Entered Level 10 of the Dungeon
  6207 | D:10     | Identified the Handbook of Ashen Changing
  6293 | D:10     | Noticed a two-headed ogre
  6335 | D:10     | Killed a two-headed ogre
  6335 | D:10     | Reached skill level 10 in Polearms
  6444 | D:10     | Reached skill level 11 in Polearms
  6479 | D:10     | Reached XP level 10. HP: 43/60 MP: 12/12
  6750 | D:10     | Found a runed translucent door.
  6764 | D:10     | Found a runed translucent door.
  6777 | D:10     | Found a runed translucent door.
  6787 | D:10     | Found a runed translucent door.
  6908 | D:10     | Noticed an orange crystal statue
  7264 | D:11     | Reached skill level 12 in Polearms
  7426 | D:9      | Found a shattered altar of Ashenzari.
  7559 | D:9      | Found an iron altar of Okawaru.
  7658 | D:9      | Got a dazzling war axe
  7659 | D:9      | Identified the +6 war axe "Orb Guardian's Peril" {vorpal,
                  | Int+3} (You found it on level 9 of the Dungeon)
  7852 | D:9      | Found a staircase to the Orcish Mines.
  8034 | D:8      | Reached skill level 1 in Axes
  8097 | D:8      | Noticed a two-headed ogre
  8230 | D:8      | Killed a two-headed ogre
  8808 | D:11     | Noticed a two-headed ogre
  8825 | D:11     | Slain by a two-headed ogre

Illustrated notes

Levels and vault maps discovered:
D:1:      saegor_arrival_simple_d, layout_basic
D:2:      layout_loops_ring, first_ration, kennysheep_generic_room_4
D:3:      layout_basic, uniq_crazy_yiuf_cottage
D:4:      minmay_angry_zag, layout_basic, minmay_gold_behind_fungi
D:5:      layout_gridville
D:6:      layout_cave_pods, marbit_many_paths, serial_park_tiny_2
D:7:      layout_loops_cross, minmay_temple_entry_offerings, dk_vineyard_2,
          uniq_menkaure
D:8:      layout_basic
D:9:      layout_loops_cross, orc_0_dummy, basic_altar,
          kennysheep_okawaru_gauntlet
D:10:     minmay_inner_zag, layout_cave_pools, blue_anna_alchemist
          [blue_anna_fruit_fields, blue_anna_fruit_fields],
          minmay_statue_crystal_thing
D:11:     layout_cave_pods, david_lair_generic, gammafunk_ghost_split,
          gauntlet_entry_generic

Skill      XL: |  1  2  3  4  5  6  7  8  9 10 |
---------------+-------------------------------+-----
Polearms       | 3 4 5 7 8 11 12 | 12.1
Dodging        | 2 3 4 5 6 7 |  7.8
Fighting       | 4 5 6 |  6.4
Armour         | 3 5 6 |  6.3
Invocations    | 2 |  2.1
Axes           | 3 |  3.6
Evocations     | |  0.1

Action                   |  1- 3 |  4- 6 |  7- 9 | 10-12 || total
-------------------------+-------+-------+-------+-------++-------
Melee: Spear             |   112 |   165 |   346 |       ||   623
       Kick              |    20 |    44 |   118 |    38 ||   220
       Peck              |     3 |    25 |    79 |    20 ||   127
       Halberd           |       |       |    99 |    62 ||   161
       War axe           |       |       |       |    30 ||    30
       Glaive            |       |       |       |    23 ||    23
Invok: Depart the Abyss  |     1 |       |       |       ||     1
       Bend Space        |       |       |     1 |     2 ||     3
 Abil: Fly               |       |       |     1 |       ||     1
Evoke: Wand              |       |       |       |     3 ||     3
  Use: Scroll            |     7 |     4 |     5 |     1 ||    17
       Potion            |       |     1 |     1 |     1 ||     3
  Eat: Chunk             |     2 |     4 |    12 |     6 ||    24
Armor: Leather armour    |    24 |    30 |       |       ||    54
       Ring mail         |       |     4 |    87 |    22 ||   113
Dodge: Dodged            |    47 |    60 |   208 |    70 ||   385
